 Dungeon Crawl Stone Soup version 0.27-a0-1590-g15f69828bf (webtiles) character file.

Game seed: 2654603196405827202

406 flotson the Sneak (level 6, -8/48 HPs)
             Began as a Demonspawn Delver on July 18, 2021.
             Killed by divine providence
             ... invoked by an orc priest
              (14 damage)
             ... on level 4 of the Dungeon.
             The game lasted 00:04:42 (2695 turns).

flotson the Sneak (Demonspawn Delver)               Turns: 2695, Time: 00:04:42

Health: -8/48      AC: 11    Str: 15    XL:     6   Next: 56%
Magic:  6/6        EV: 11    Int: 11    God:
Gold:   138        SH:  0    Dex: 14    Spells: 5/5 levels left

rFire    . . .     SeeInvis .   b - +0 hunting sling
rCold    + . .     Faith    .   (no shield)
rNeg     . . .     Spirit   .   A - +0 ring mail
rPois    .         Reflect  .   (no helmet)
rElec    .         Harm     .   (no cloak)
rCorr    .         Rampage  .   (no gloves)
Will     .....                  (no boots)
Stlth    +.........             (no amulet)
HPRegen  0.16/turn              o - ring of protection from cold
MPRegen  0.20/turn              v - +4 ring of protection

@: confused
A: hooves 2, icy blue scales 1, magic regeneration
a: no special abilities


You were on level 4 of the Dungeon.
You visited 1 branch of the dungeon, and saw 5 of its levels.

You collected 138 gold pieces.

Inventory:

Hand Weapons
 a - a +0 hand axe
 b - a +0 hunting sling (weapon)
Missiles
 k - 17 poisoned darts
 l - 2 throwing nets
 p - 102 stones (quivered ammo)
Armour
 A - a +0 ring mail (worn)
Jewellery
 o - a ring of protection from cold (left hand)
 v - a +4 ring of protection (right hand)
Wands
 g - a wand of digging (3)
 h - a wand of acid (1)
Scrolls
 c - 2 scrolls of fog
 d - 2 scrolls of magic mapping
 e - 2 scrolls of fear
 j - a scroll of amnesia {unknown}
 m - 2 scrolls of identify {unknown}
 q - a scroll of vulnerability {unknown}
 r - a scroll of immolation {unknown}
 s - a scroll of torment {unknown}
 w - 2 scrolls of teleportation {unknown}
 x - a scroll of noise {unknown}
Potions
 f - a potion of haste
 i - a potion of curing {unknown}
 n - a potion of attraction {unknown}
 t - a potion of flight
 u - a potion of berserk rage {unknown}
 z - 4 potions of heal wounds {unknown}


   Skills:
 + Level 4.2 Fighting
 + Level 3.2 Axes
 + Level 2.4 Armour
 + Level 3.2 Dodging
 - Level 4.5 Stealth
 + Level 2.7 Evocations


You had 5 spell levels left.
You didn't know any spells.
Your spell library was empty.

Dungeon Overview and Level Annotations

Branches:
Dungeon (5/15)
 Temple: D:4-7

Altars:

Shops:
D:4 (

Annotations:
D:5 Grinder


Innate Abilities, Weirdness & Mutations

You have hoof-like feet.
You are partially covered in icy blue scales. (AC +2)
You regenerate magic rapidly.


Message History

You shoot a stone. The stone hits the orc.
The orc is severely wounded.
Something hits you but does no damage.
The orc priest calls upon Beogh to heal the orc.
The orc's wounds heal themselves!
The orc barely misses you. The orc completely misses you.
You shoot a stone.
The stone hits the orc but does no damage.
You hear some strange, mumbled words.
Something tries to affect you, but you resist.
The orc closely misses you. The orc barely misses you.
You shoot a stone. The stone barely misses the orc.
Something hits you but does no damage. The orc hits you but does no damage. x2
You shoot a stone. The stone hits the orc.
The orc is lightly wounded.
You hear some strange, mumbled words.
Something tries to affect you, but you resist.
The orc hits you with a +0 club. The orc hits you but does no damage.
You shoot a stone. The stone closely misses the orc.
The orc barely misses you. The orc misses you. Something hits you.
The orc hits you with a +0 dagger. The orc closely misses you.
The orc priest calls down the wrath of Beogh upon you.
Beogh smites you!
You are too injured to fight recklessly!
You are too injured to fight recklessly!
Unknown command.
You clumsily bash something but do no damage.
Something hits you but does no damage. The orc misses you.
The orc hits you but does no damage. The orc priest closely misses you.
Something hits you but does no damage.
The orc priest calls down the wrath of Beogh upon you.
Beogh smites you!
* * * LOW HITPOINT WARNING * * *
There is a stone staircase leading up here.
You hear some strange, mumbled words.
You are confused.
The orc closely misses you.
The orc priest invokes the aid of Beogh against you.
Beogh smites you!
You die...

K. ...... .......
...... ......> .....#
#######. . ..##.
##..(## .# .. ##8.<.8##
#.(. #.......#((..(
#.<.8..((.(...
#...{oo.#. ##8.@o8##
##...##... .. ######.!.
#.###.......#........
............##.......
.....(..............
... ............##.....
....
#................###)..
..................#..#


You could see an orc priest and 2 orcs.

Vanquished Creatures
  Sigmund (D:5)
  An ogre (D:4)
  A scorpion (D:3)
  3 gnolls (D:2)
  2 adders
  A worm (D:3)
  A dart slug (D:1)
  4 orcs
  8 bats
  4 endoplasms
  5 goblins
  2 hobgoblins
  3 jackals (D:1)
  10 kobolds
  A quokka (D:2)
  3 training dummies (D:4)
  5 ball pythons
  3 frilled lizards
  4 rats (D:1)
62 creatures vanquished.

Notes
Turn   | Place    | Note
-------+----------+-------------------------------------------
     0 | D:5      | flotson the Demonspawn Delver began the quest for the Orb.
     0 | D:5      | Reached XP level 1. HP: 18/18 MP: 1/1
    18 | D:5      | Noticed Sigmund
    20 | D:5      | Noticed Grinder
    31 | D:5      | Killed Sigmund
    32 | D:5      | Reached skill level 1 in Armour
    32 | D:5      | Reached skill level 1 in Evocations
    32 | D:5      | Gained mutation: You are partially covered in icy blue
                  | scales. (AC +2) [demonic ancestry]
    32 | D:5      | Reached XP level 2. HP: 25/25 MP: 2/2
    32 | D:5      | Gained mutation: You regenerate magic rapidly. [demonic
                  | ancestry]
    32 | D:5      | Reached XP level 3. HP: 30/30 MP: 3/3
    32 | D:5      | Reached XP level 4. HP: 37/37 MP: 4/4
    32 | D:5      | Gained mutation: You have large cloven feet. [demonic
                  | ancestry]
    32 | D:5      | Reached XP level 5. HP: 42/42 MP: 5/5
    75 | D:4      | Found Mapof's Firing Range.
   162 | D:4      | Noticed an ogre
   178 | D:4      | Killed an ogre
   702 | D:1      | Gained mutation: You have hoof-like feet. [demonic
                  | ancestry]
   702 | D:1      | Reached XP level 6. HP: 48/48 MP: 6/6
   771 | D:1      | Found a faded altar of an unknown god.
  1691 | D:2      | You fall into a shaft and drop 2 floors!
  1997 | D:2      | You fall into a shaft and drop 1 floor!
  2695 | D:4      | Killed from afar by an orc priest

Illustrated notes

Levels and vault maps discovered:
D:1:      dpeg_arrival_rooms_a, layout_basic, dreamdust_ecumenical_altar_grove
D:2:      layout_loops_ring
D:3:      layout_basic
D:4:      layout_cave_pools, ebering_ghost_disaster_area, chequers_mini_garden,
          grunt_ministairs_7, nicolae_shop_firing_range
D:5:      layout_basic, fedhas_bush_and_centaur_altar,
          minmay_temple_entry_antechambers, uniq_sigmund, uniq_prince_ribbit1,
          uniq_grinder

Skill      XL: |  1  2  3  4  5  6 |
---------------+-------------------+-----
Axes           | 2 3 |  3.2
Armour         | 1 2 |  2.4
Dodging        | 2 3 |  3.2
Evocations     | 1 2 |  2.7
Fighting       | 4 |  4.2
Stealth        | |  4.5

Action                   |  1- 3 |  4- 6 || total
-------------------------+-------+-------++-------
Melee: Hand axe          |       |    27 ||    27
       Kick              |       |     5 ||     5
       Hunting sling     |       |     1 ||     1
 Fire: Hunting sling     |       |   178 ||   178
Evoke: Wand              |     2 |     1 ||     3
  Use: Potion            |       |     1 ||     1
 Stab: Sleeping          |       |     1 ||     1
Armor: Leather armour    |       |    22 ||    22
       Ring mail         |       |    32 ||    32
Dodge: Dodged            |       |    80 ||    80

Table legend: (Time is in decaauts)
 A = Elapsed time spent in this place.
 B = Non-inter-level travel time spent in this place.
 C = Inter-level travel time spent in this place.
 D = Time resting spent in this place.
 E = Time spent auto-exploring this place.
 F = Levels seen in this place.
 G = Mean time per level.
                   A        B        C        D        E       F      G
               +--------+--------+--------+--------+--------+-----+--------+
         Total |   2733 |   2596 |    137 |    247 |   1822 |   5 |  546.6 |
       Dungeon |   2733 |   2596 |    137 |    247 |   1822 |   5 |  546.6 |
               +--------+--------+--------+--------+--------+-----+--------+

Top non-repeatable levels by time:
     D:3: 978 daAuts
     D:2: 786 daAuts
     D:1: 693 daAuts
     D:4: 200 daAuts
     D:5: 75 daAuts
